 Dungeon Crawl Stone Soup version 0.30-a0-222-ge547ba4400 (webtiles) character file.

Game seed: 14879057649475134101

65 heikuro the Shield-Bearer (level 4, -11/37 HPs)
             Began as a Formicid Fighter on Oct 8, 2022.
             Was a Follower of Okawaru.
             Mangled by an ice beast (14 damage)
             ... on level 3 of the Dungeon.
             The game lasted 00:04:30 (1336 turns).

heikuro the Shield-Bearer (Formicid Fighter)        Turns: 1336, Time: 00:04:30

Health: -11/37     AC:  9    Str: 23    XL:     4   Next: 35%
Magic:  4/4        EV:  5    Int:  7    God:    Okawaru [*.....]
Gold:   89         SH: 13    Dex: 13    Spells: 3/3 levels left

rFire   + . .      SeeInvis +    a - +0 trident
rCold   . . .      Faith    .    n - +0 tower shield
rNeg    . . .      Spirit   .    j - +0 chain mail
rPois   .          Reflect  .    (helmet unavailable)
rElec   .          Harm     .    (no cloak)
rCorr   .          Rampage  .    (no gloves)
Will    .....                    (no boots)
Stlth   ..........               (no amulet)
HPRegen 0.26/turn                e - ring of protection from fire
MPRegen 0.09/turn                (no ring)

@: mighty
A: permanent stasis, dig shafts and tunnels, antennae 3, four strong arms
a: Dig, Shaft Self, Renounce Religion, Heroism


You were on level 3 of the Dungeon.
You worshipped Okawaru.
Okawaru was aware of your devotion.
You visited 1 branch of the dungeon, and saw 3 of its levels.

You collected 89 gold pieces.

Inventory:

Hand Weapons
 a - a +0 trident (weapon)
Missiles
 b - 5 poisoned darts
Armour
 j - a +0 chain mail (worn)
 n - a +0 tower shield (worn)
Jewellery
 e - a ring of protection from fire (left hand)
Scrolls
 g - a scroll of enchant weapon {unknown}
 h - a scroll of brand weapon {unknown}
 i - a scroll of noise {unknown}
 k - 2 scrolls of teleportation {unknown}
 l - a scroll of acquirement {unknown}
 o - a scroll of enchant armour {unknown}
Potions
 f - 2 potions of curing
 m - 2 potions of flight


   Skills:
 + Level 3.8 Fighting
 * Level 3.1 Polearms
 + Level 3.7 Armour
 + Level 4.6 Shields
 + Level 0.1 Invocations


You had 3 spell levels left.
You didn't know any spells.
Your spell library contained the following spells:

 Spells                   Type           Power      Damage    Failure   Level
 Beastly Appendage        Tmut           0%         N/A       100%        1
 Cigotuvi's Dreadful Rot  Necr/Pois/Air  0%         N/A       100%        2
 Wereblood                Tmut           0%         N/A       100%        2
 Inner Flame              Hex/Fire       0%         N/A       100%        3
 Spider Form              Tmut/Pois      0%         N/A       100%        3
 Dispel Undead            Necr           0%         3d6       100%        4
 Flame Wave               Conj/Fire      0%         2d4       100%        4
 Sticky Flame             Conj/Fire      0%         2d3       100%        4
 Death Channel            Necr           Unusable   N/A       N/A         6

Dungeon Overview and Level Annotations

Branches:
Dungeon (3/15)

Altars:
Okawaru


Innate Abilities, Weirdness & Mutations

You cannot be hasted, slowed, berserked, paralysed or teleported.
You can dig through walls and to a lower floor.
You have a pair of large antennae on your head. (SInv)
Your four strong arms can wield two-handed weapons with a shield.


Message History

The ice beast barely misses you.
You barely miss the ice beast.
The ice beast is heavily wounded.
You block the ice beast's attack.
You closely miss the ice beast.
The ice beast is heavily wounded.
The ice beast hits you. The ice beast freezes you!
* * * LOW HITPOINT WARNING * * *
You block the ice beast's attack.
You are too injured to fight recklessly!
You hit the ice beast.
The ice beast is heavily wounded.
The ice beast hits you but does no damage.
You are too injured to fight recklessly!
You barely miss the ice beast.
The ice beast is heavily wounded.
The ice beast hits you but does no damage.
You hit the ice beast but do no damage.
The ice beast is heavily wounded.
You block the ice beast's attack.
The ice beast hits you but does no damage.
You hit the ice beast.
The ice beast is severely wounded.
The ice beast barely misses you.
You hit the ice beast but do no damage.
The ice beast is severely wounded.
The ice beast hits you.
* * * LOW HITPOINT WARNING * * *
The ice beast freezes you!
* * * LOW HITPOINT WARNING * * *
You block the ice beast's attack.
Okay, then.
You feel very mighty all of a sudden. You block the ice beast's attack.
You hit the ice beast.
The ice beast is severely wounded.
The ice beast hits you.
* * * LOW HITPOINT WARNING * * *
The ice beast freezes you!
You die...

###. .....
#######....#
#<.@YS.....+
###.##.....#
#.# S)...+
#.# #....#
... ..###
#!. ... ####
..# ..#


You could see an ice beast and a ball python.

Vanquished Creatures
  An adder (D:2)
  A worm (D:2)
  3 dart slugs
  5 ball pythons
  3 endoplasms
  3 goblins
  4 hobgoblins
  6 jackals
  4 quokkas
  2 bats
  9 frilled lizards
  2 kobolds (D:2)
  3 rats
46 creatures vanquished.

Notes
Turn   | Place    | Note
-------+----------+-------------------------------------------
     0 | D:1      | heikuro the Formicid Fighter began the quest for the Orb.
     0 | D:1      | Reached XP level 1. HP: 18/18 MP: 1/1
   208 | D:1      | Reached XP level 2. HP: 20/24 MP: 2/2
   394 | D:1      | Reached XP level 3. HP: 29/29 MP: 3/3
   828 | D:2      | Reached XP level 4. HP: 37/37 MP: 4/4
   901 | D:2      | Found a faded altar of an unknown god.
   911 | D:2      | Prayed at the altar of an unknown god.
   911 | D:2      | Became a worshipper of Warmaster Okawaru
   911 | D:2      | Reached * piety under Okawaru
  1317 | D:3      | Noticed an ice beast
  1336 | D:3      | Mangled by an ice beast

Illustrated notes

Levels and vault maps discovered:
D:1:      nicolae_arrival_somewhat_less_tricky_arrival, layout_rooms,
          minmay_lizard_pond
D:2:      layout_basic, basic_ecumenical_altar, st_stairs_5,
          hangedman_decor_clover_reticule, chequers_serial_rivers_large_b
D:3:      minmay_razor_zed, layout_basic, mainiacjoe_overflow_boulevard,
          uniq_natasha

Skill      XL: |  1  2  3 |
---------------+----------+-----
Polearms       | 3 |  3.1
Fighting       | |  3.8
Armour         | |  3.7
Shields        | |  4.6
Invocations    | |  0.1

Action                   |  1- 3 |  4- 6 || total
-------------------------+-------+-------++-------
Melee: Trident           |   115 |    33 ||   148
  Use: Scroll            |       |     3 ||     3
       Potion            |       |     1 ||     1
Armor: Scale mail        |    12 |       ||    12
       Chain mail        |    41 |    16 ||    57
Dodge: Dodged            |    25 |     3 ||    28
Block: Buckler           |    11 |       ||    11
       Tower shield      |    40 |    18 ||    58

Table legend: (Time is in decaauts)
 A = Elapsed time spent in this place.
 B = Non-inter-level travel time spent in this place.
 C = Inter-level travel time spent in this place.
 D = Time resting spent in this place.
 E = Time spent auto-exploring this place.
 F = Levels seen in this place.
 G = Mean time per level.
                   A        B        C        D        E       F      G
               +--------+--------+--------+--------+--------+-----+--------+
         Total |   1416 |   1386 |     30 |      6 |    846 |   3 |  472.0 |
       Dungeon |   1416 |   1386 |     30 |      6 |    846 |   3 |  472.0 |
               +--------+--------+--------+--------+--------+-----+--------+

Top non-repeatable levels by time:
     D:1: 706 daAuts
     D:2: 682 daAuts
     D:3: 27 daAuts
